 Dungeon Crawl Stone Soup version 0.29-a0-617-g7a6b98fccd (webtiles) character file.

Game seed: 8994229388776664322

78 frimble the Shield-Bearer (level 4, -4/34 HPs)
             Began as a Gnoll Wanderer on June 17, 2022.
             Slain by Jessica
             ... wielding a +0 club
              (5 damage)
             ... on level 2 of the Dungeon.
             The game lasted 00:02:11 (1946 turns).

frimble the Shield-Bearer (Gnoll Wanderer)          Turns: 1946, Time: 00:02:11

Health: -4/34      AC:  3    Str:  8    XL:     4   Next: 36%
Magic:  8/8        EV: 12    Int: 15    God:
Gold:   99         SH:  5    Dex: 13    Spells: 6/9 levels left

rFire   . . .      SeeInvis .   a - +3 spear
rCold   . . .      Faith    .   b - +0 buckler
rNeg    . . .      Spirit   .   d - +0 robe
rPois   .          Reflect  .   (no helmet)
rElec   .          Harm     .   (no cloak)
rCorr   .          Rampage  .   (no gloves)
Will    .....                   k - +0 pair of boots
Stlth   ++........              (no amulet)
HPRegen 0.11/turn               (no ring)
MPRegen 0.11/turn               (no ring)

@: no status effects
A: fangs 1, strong nose, distributed training
a: no special abilities


You were on level 2 of the Dungeon.
You visited 1 branch of the dungeon, and saw 2 of its levels.

You collected 99 gold pieces.

Inventory:

Hand Weapons
 a - a +3 spear (weapon)
Armour
 b - a +0 buckler (worn)
 d - a +0 robe (worn)
 k - a +0 pair of boots (worn)
Scrolls
 c - a scroll of fear
 g - a scroll of amnesia
 l - a scroll of noise {unknown}
Potions
 e - 2 potions of curing
 f - a potion of might {unknown}
 h - a potion of haste {unknown}
 i - a potion of heal wounds {unknown}
 j - a potion of lignification {unknown}
 m - a potion of mutation {unknown}


   Skills:
 + Level 2.7 Fighting
 + Level 1.1 Short Blades
 + Level 1.1 Long Blades
 + Level 1.1 Axes
 + Level 1.1 Maces & Flails
 + Level 6.6 Polearms
 + Level 1.1 Staves
 + Level 1.1 Slings
 + Level 1.1 Bows
 + Level 1.1 Crossbows
 + Level 1.1 Throwing
 + Level 1.1 Armour
 + Level 2.7 Dodging
 + Level 1.1 Stealth
 + Level 6.6 Shields
 + Level 1.1 Unarmed Combat
 + Level 3.0 Spellcasting
 + Level 0.8 Conjurations
 + Level 2.2 Hexes
 + Level 0.8 Summonings
 + Level 0.8 Necromancy
 + Level 0.8 Translocations
 + Level 0.8 Transmutations
 + Level 0.8 Fire Magic
 + Level 0.8 Ice Magic
 + Level 0.8 Air Magic
 + Level 0.8 Earth Magic
 + Level 0.8 Poison Magic
 + Level 1.2 Invocations
 + Level 1.1 Evocations


You had 6 spell levels left.
You knew the following spells:

 Your Spells              Type           Power      Damage    Failure   Level
a - Ozocubu's Armour      Ice            4%         N/A       47%         3

Your spell library contained the following spells:

 Spells                   Type           Power      Damage    Failure   Level
 Slow                     Hex            32%        N/A       11%         1
 Summon Guardian Golem    Hex/Summ       6%         N/A       38%         3
 Ozocubu's Refrigeration  Ice            2%         4d5       100%        7


Dungeon Overview and Level Annotations

Branches:
Dungeon (2/15)

Altars:

Annotations:
D:2 Jessica


Innate Abilities, Weirdness & Mutations

You have very sharp teeth.
Your uncanny sense of smell can sniff out nearby items.
Your experience applies equally to all skills.


Message History

You hit Jessica.
Jessica is severely wounded.
Jessica casts a spell.
Jessica seems to speed up.
You barely miss Jessica.
Jessica is severely wounded.
Jessica mumbles some strange words.
Jessica blinks!
Jessica casts a spell.
Jessica blinks!
Reach: a) +3 spear
Press: ? - help, Dir - move target, f - Jessica
Aim: Jessica, wielding a +0 club and wearing a +0 robe (severely wounded, fast, about 33% to evade your +3 spear)
You reach to attack!
You barely miss Jessica.
Jessica is severely wounded.
Jessica casts a spell at you. Pain shoots through your body!
Reach: a) +3 spear
Press: ? - help, Dir - move target, f/p - Jessica
Aim: Jessica, wielding a +0 club and wearing a +0 robe (severely wounded, fast, about 33% to evade your +3 spear)
You reach to attack!
You hit Jessica.
Jessica is almost dead.
Jessica casts a spell at you. Pain shoots through your body!
* * * LOW HITPOINT WARNING * * *
Reach: a) +3 spear
Press: ? - help, Dir - move target, f/p - Jessica
Aim: Jessica, wielding a +0 club and wearing a +0 robe (almost dead, fast, about 33% to evade your +3 spear)
You hit Jessica but do no damage. You bite Jessica, but do no damage.
Jessica is almost dead.
Jessica casts a spell at you. Pain shoots through your body!
* * * LOW HITPOINT WARNING * * *
You closely miss Jessica. Your bite misses Jessica.
Jessica is almost dead.
Jessica barely misses you.
You barely miss Jessica.
Jessica is almost dead.
Jessica hits you with a +0 club.
You die...

#.#.......#....#
#.......#
#....(....####.#
####.####
#..............# #.#
#.......######## #.##
###.......#########
#..#
#...^.....#.......#
##.#
#.#.......#......(# #.#
#.#.......#.......# #.#
#.##.##.###...@!..# #.#
#.##.##.# #....@..# #.#
#.......# #.......# #.#
####.#### #.......# #.#
#.# ####.#### #.# #.#
####.### #.# #.#
#......# #.# #.#
#......#######.#
#.######..............#


You could see Jessica (fast).

Vanquished Creatures
  4 adders (D:2)
  A worm (D:2)
  4 ball pythons
  3 bats
  4 endoplasms
  A giant cockroach (D:2)
  3 goblins
  3 hobgoblins (D:1)
  5 kobolds
  3 quokkas
  2 frilled lizards (D:2)
  4 rats (D:1)
37 creatures vanquished.

Notes
Turn   | Place    | Note
-------+----------+-------------------------------------------
     0 | D:1      | frimble the Gnoll Wanderer began the quest for the Orb.
     0 | D:1      | frimble set off with the following items: a +2 spear, a +0
                  | buckler, a scroll of fear, a +0 robe; and the following
                  | spell memorised: Slow; and the following spells available
                  | to memorise: Summon Guardian Golem.
     0 | D:1      | Reached XP level 1. HP: 17/17 MP: 4/4
   103 | D:1      | You fall into a shaft and drop 1 floor!
   129 | D:2      | Reached XP level 2. HP: 8/23 MP: 5/5
   730 | D:1      | Reached XP level 3. HP: 28/28 MP: 7/7
  1152 | D:2      | Found a faded altar of an unknown god.
  1163 | D:2      | Reached skill level 1 in Invocations
  1370 | D:2      | Reached skill level 1 in Short Blades
  1370 | D:2      | Reached skill level 1 in Long Blades
  1370 | D:2      | Reached skill level 1 in Axes
  1370 | D:2      | Reached skill level 1 in Maces & Flails
  1370 | D:2      | Reached skill level 1 in Staves
  1370 | D:2      | Reached skill level 1 in Slings
  1370 | D:2      | Reached skill level 1 in Bows
  1370 | D:2      | Reached skill level 1 in Crossbows
  1370 | D:2      | Reached skill level 1 in Throwing
  1370 | D:2      | Reached skill level 1 in Armour
  1370 | D:2      | Reached skill level 1 in Stealth
  1370 | D:2      | Reached skill level 1 in Unarmed Combat
  1370 | D:2      | Reached skill level 1 in Evocations
  1370 | D:2      | Reached XP level 4. HP: 28/34 MP: 8/8
  1722 | D:2      | Learned a level 3 spell: Ozocubu's Armour
  1933 | D:2      | Noticed Jessica
  1944 | D:2      | HP: 1/34 [Jessica/nerve-wracking pain (7)]
  1946 | D:2      | Slain by Jessica

Illustrated notes

Levels and vault maps discovered:
D:1:      saegor_arrival_simple_b, layout_basic
D:2:      cheibrodos_helix_gallery, layout_loops_cross,
          shapermc_ecumenical_altar_starsandcircs, uniq_jessica

Skill      XL: |  1  2  3  4 |
---------------+-------------+-----
Hexes          | 2 |  2.2
Invocations    | 1 |  1.2
Short Blades   | 1 |  1.1
Long Blades    | 1 |  1.1
Axes           | 1 |  1.1
Maces & Flails | 1 |  1.1
Staves         | 1 |  1.1
Slings         | 1 |  1.1
Bows           | 1 |  1.1
Crossbows      | 1 |  1.1
Throwing       | 1 |  1.1
Armour         | 1 |  1.1
Stealth        | 1 |  1.1
Unarmed Combat | 1 |  1.1
Evocations     | 1 |  1.1
Spellcasting   | 3 |  3.0
Fighting       | |  2.7
Polearms       | |  6.6
Dodging        | |  2.7
Shields        | |  6.6
Conjurations   | |  0.8
Summonings     | |  0.8
Necromancy     | |  0.8
Translocations | |  0.8
Transmutations | |  0.8
Fire Magic     | |  0.8
Ice Magic      | |  0.8
Air Magic      | |  0.8
Earth Magic    | |  0.8
Poison Magic   | |  0.8

Action                   |  1- 3 |  4- 6 || total
-------------------------+-------+-------++-------
Melee: Spear             |    85 |    44 ||   129
       Bite              |     9 |     6 ||    15
  Use: Scroll            |     3 |       ||     3
       Potion            |       |     1 ||     1
 Stab: Sleeping          |     5 |       ||     5
Armor: Robe              |     6 |     3 ||     9
Dodge: Dodged            |    30 |    21 ||    51
Block: Buckler           |    14 |     6 ||    20

Table legend: (Time is in decaauts)
 A = Elapsed time spent in this place.
 B = Non-inter-level travel time spent in this place.
 C = Inter-level travel time spent in this place.
 D = Time resting spent in this place.
 E = Time spent auto-exploring this place.
 F = Levels seen in this place.
 G = Mean time per level.
                   A        B        C        D        E       F      G
               +--------+--------+--------+--------+--------+-----+--------+
         Total |   1924 |   1909 |     15 |      8 |   1605 |   2 |  962.0 |
       Dungeon |   1924 |   1909 |     15 |      8 |   1605 |   2 |  962.0 |
               +--------+--------+--------+--------+--------+-----+--------+

Top non-repeatable levels by time:
     D:1: 1089 daAuts
     D:2: 835 daAuts
